 Dungeon Crawl Stone Soup version 0.31-a0-846-gb3bcc0d938 (webtiles) character file.

Game seed: 5945575008233733927

688 Dirtsage the Cutter (level 7, -4/39 HPs)
             Began as a Vine Stalker Fighter on Oct 3, 2023.
             Slain by a gnoll sergeant
             ... wielding a +0 trident
              (6 damage)
             ... on level 5 of the Dungeon.
             The game lasted 00:07:37 (3576 turns).

Dirtsage the Cutter (Vine Stalker Fighter)          Turns: 3576, Time: 00:07:38

Health: -4/39      AC:  7    Str: 21    XL:     7   Next: 62%
Magic:  0/8        EV:  9    Int:  8    God:
Gold:   82         SH:  4    Dex: 13    Spells: 6/6 levels left

rFire   . . .        p - +0 dagger (speed)
rCold   . . .        c - +0 buckler
rNeg    . . .        b - +0 scale mail
rPois   .            (no helmet)
rElec   .            (no cloak)
rCorr   .            (no gloves)
SInv    .            w - +0 pair of boots {rampage}
Will    .....        (no amulet) Stlth
                     (no ring)
HPRegen 1.06/turn    (no ring)
MPRegen 0.11/turn

%: guardian spirit, rampage
@: no status effects
A: fangs 2, regeneration 1, magic shield, antimagic bite, no potion heal 2
a: no special abilities


You were on level 5 of the Dungeon.
You visited 1 branch of the dungeon, and saw 5 of its levels.

You collected 340 gold pieces.
You spent 258 gold pieces at shops.

Inventory:

Hand Weapons
 a - a +0 rapier
 p - a +0 dagger of speed (weapon)
Armour
 b - a +0 scale mail (worn)
 c - a +0 buckler (worn)
 f - a +0 kite shield
 w - a +0 pair of boots of rampaging (worn)
Magical Staves
 t - a staff of poison
Wands
 r - a wand of charming (13)
Scrolls
 e - 4 scrolls of poison {unknown}
 g - a scroll of teleportation {unknown}
 i - 3 scrolls of enchant weapon {unknown}
 j - 4 scrolls of identify {unknown}
 k - a scroll of amnesia {unknown}
 l - a scroll of fog {unknown}
 o - 3 scrolls of summoning {unknown}
 u - 2 scrolls of fear {unknown}
 x - 2 scrolls of vulnerability {unknown}
Potions
 d - 2 potions of might
 h - 2 potions of lignification
 m - a potion of degeneration {unknown}
 n - 3 potions of heal wounds {unknown}
 q - a potion of enlightenment {unknown}
 s - a potion of magic
 v - 3 potions of haste {unknown}


   Skills:
 + Level 5.0 Fighting
 * Level 6.3 Short Blades
 - Level 2.4 Armour
 - Level 2.6 Shields


You had 6 spell levels left.
You didn't know any spells.
Your spell library contained the following spells:

 Spells                   Type           Power      Damage    Failure   Level
 Sandblast                Erth           0%         2d4       83%         1
 Passwall                 Tmut/Erth      0%         N/A       92%         2
 Stone Arrow              Conj/Erth      0%         3d7       99%         3
 Brom's Barrelling Bould  Conj/Erth      0%         2d3       100%        4


Dungeon Overview and Level Annotations

Branches:
Dungeon (5/15)
 Temple: D:4-7

Altars:
Gozag
Makhleb
Zin

Shops:
D:4 !   D:5 ([((


Innate Abilities, Weirdness & Mutations

You have extremely sharp teeth.
Your natural rate of healing is unusually fast.
When hurt, damage is shared between your health and your magic reserves.
Your bite disrupts and absorbs the magic of your enemies.
Potions cannot restore your health.


Message History

You take 8 damage, and have 16/39 hp.
MASSIVE DAMAGE!!
You now have 6/8 mp.
You hit the gnoll sergeant but do no damage.
Your bite misses the gnoll sergeant.
The gnoll sergeant is severely wounded.
You hit the gnoll sergeant but do no damage.
Your bite misses the gnoll sergeant.
The gnoll sergeant is severely wounded.
The gnoll hits you but does no damage.
The gnoll sergeant hits you with a +0 trident!
* * * LOW HITPOINT WARNING * * *
You take 5 damage, and have 11/39 hp.
You now have 3/8 mp.
You barely miss the gnoll sergeant. Your bite misses the gnoll sergeant.
The gnoll sergeant is severely wounded.
You block the gnoll's attack.
You hit the gnoll sergeant.
The gnoll sergeant is severely wounded.
You block the gnoll sergeant's attack.
You closely miss the gnoll sergeant.
You bite the gnoll sergeant, but do no damage.
The gnoll sergeant is severely wounded.
The gnoll hits you from afar with a +0 spear.
* * * LOW HITPOINT WARNING * * *
You take 1 damage, and have 11/39 hp.
You hit the gnoll sergeant.
The gnoll sergeant is severely wounded.
The gnoll sergeant completely misses you.
You hit the gnoll sergeant but do no damage.
Your bite misses the gnoll sergeant.
The gnoll sergeant is severely wounded.
The gnoll closely misses you.
A gnoll comes into view. It is wielding a +0 spear.
You hit the gnoll sergeant but do no damage.
The gnoll sergeant is severely wounded.
The gnoll sergeant hits you with a +0 trident!
* * * LOW HITPOINT WARNING * * *
You take 11 damage, and have 1/39 hp.
MASSIVE DAMAGE!!
You now have 0/8 mp.
Okay, then.
Okay, then.
The gnoll sergeant hits you from afar with a +0 trident.
You die...

..#.. ## #.#g### ..
#.#... ######
####.###.#g###
.....
...>....g....#
....###
###.###g##.......
......# #.# #g#
##...##
....#.#######.###.#
..#
....#.#.........@.#
#..
..<.#.#.........###
# ....#.#.........#
....#.#.........#
....#.#.........#
....#.#######.###
#####.# #.#
#####.##### #.#
..........###.#


You could see a gnoll sergeant and 2 gnolls.

Vanquished Creatures
  Menkaure (D:4)
  A sky beast (D:4)
  2 phantoms (D:5)
  A scorpion (D:5)
  3 hounds
  A jelly (D:5)
  2 iguanas
  4 adders
  2 worms
  A dart slug (D:1)
  6 orcs
  3 ball pythons
  6 endoplasms
  2 giant cockroaches
  2 goblins
  6 hobgoblins
  6 jackals
  A quokka (D:3)
  6 bats
  A frilled lizard (D:1)
  5 kobolds
  10 rats
72 creatures vanquished.

Notes
Turn   | Place    | Note
-------+----------+-------------------------------------------
     0 | D:1      | Dirtsage the Vine Stalker Fighter began the quest for the
                  | Orb.
     0 | D:1      | Reached XP level 1. HP: 11/11 MP: 2/2
   112 | D:1      | Reached skill level 2 in Short Blades
   174 | D:1      | Reached XP level 2. HP: 16/16 MP: 3/3
   929 | D:2      | Reached XP level 3. HP: 19/20 MP: 4/4
  1042 | D:2      | Reached skill level 3 in Short Blades
  1579 | D:3      | Reached XP level 4. HP: 24/24 MP: 5/5
  1661 | D:3      | Found a glowing silver altar of Zin.
  2317 | D:4      | Noticed Menkaure
  2328 | D:4      | Killed Menkaure
  2329 | D:4      | Reached skill level 4 in Short Blades
  2329 | D:4      | Reached XP level 5. HP: 28/29 MP: 6/6
  2338 | D:4      | Found a burning altar of Makhleb.
  2340 | D:4      | Noticed a blizzard demon
  2346 | D:4      | Noticed a hellwing
  2346 | D:4      | Noticed a ynoxinul
  2379 | D:4      | Reached XP level 6. HP: 33/33 MP: 7/7
  2511 | D:4      | Found Nitihell's Distillery.
  2516 | D:4      | Bought a potion of lignification for 39 gold pieces
  2516 | D:4      | Bought a potion of magic for 104 gold pieces
  2700 | D:4      | Noticed a sky beast
  2712 | D:4      | Killed a sky beast
  2713 | D:4      | Reached skill level 5 in Short Blades
  2779 | D:4      | Found an opulent altar of Gozag.
  2883 | D:5      | Entered Level 5 of the Dungeon
  3024 | D:5      | Found Hyinob's Weapon Emporium.
  3028 | D:5      | Found Laijuaw's Armour Emporium.
  3028 | D:5      | Found Ixysch's Weapon Emporium.
  3031 | D:5      | Found Wieg Hal's Antique Weapon Emporium.
  3080 | D:5      | Bought a +0 pair of boots of rampaging for 115 gold pieces
  3176 | D:5      | Reached XP level 7. HP: 11/38 MP: 4/8
  3385 | D:5      | Reached skill level 6 in Short Blades
  3431 | D:5      | Reached skill level 5 in Fighting
  3575 | D:5      | HP: 1/39 [gnoll sergeant/+0 trident (12)]
  3576 | D:5      | Slain by a gnoll sergeant

Illustrated notes

Levels and vault maps discovered:
D:1:      dpeg_arrival_another_circle, layout_loops_cross
D:2:      layout_loops_ring
D:3:      layout_loops_ring, mainiacjoe_overflow_brackets
D:4:      layout_cave_pools, grunt_gozag_statues, makhleb_altar_promises_db,
          serial_shops, shop, uniq_menkaure
D:5:      layout_basic, minmay_shop_grid_forest, st_stairs_3

Skill      XL: |  1  2  3  4  5  6  7 |
---------------+----------------------+-----
Short Blades   | 2 3 4 5 6 |  6.3
Fighting       | 3 4 5 |  5.0
Armour         | |  2.4
Shields        | |  2.6

Action                     |  1- 3 |  4- 6 |  7- 9 || total
---------------------------+-------+-------+-------++-------
  Melee: Rapier            |    95 |    11 |       ||   106
         Bite              |    24 |    74 |    26 ||   124
         Dagger            |       |   219 |   100 ||   319
 Armour: Scale mail        |    56 |    77 |    41 ||   174
  Dodge: Dodged            |    38 |    56 |    13 ||   107
  Block: Buckler           |    24 |    22 |    13 ||    59

Table legend: (Time is in decaauts)
 A = Elapsed time spent in this place.
 B = Non-inter-level travel time spent in this place.
 C = Inter-level travel time spent in this place.
 D = Time resting spent in this place.
 E = Time spent auto-exploring this place.
 F = Levels seen in this place.
 G = Mean time per level.
                   A        B        C        D        E       F      G
               +--------+--------+--------+--------+--------+-----+--------+
         Total |   3436 |   3297 |    139 |     30 |   2723 |   5 |  687.2 |
       Dungeon |   3436 |   3297 |    139 |     30 |   2723 |   5 |  687.2 |
               +--------+--------+--------+--------+--------+-----+--------+

Top non-repeatable levels by time:
     D:1: 799 daAuts
     D:3: 756 daAuts
     D:2: 724 daAuts
     D:5: 610 daAuts
     D:4: 546 daAuts
